 Dungeon Crawl Stone Soup version 0.29-a0-911-g88e6f02907 (webtiles) character file.

Game seed: 2122650139205977607

2557 sanka the Destroyer (level 9, -13/66 HPs)
             Began as a Gnoll Conjurer on July 25, 2022.
             Was an Initiate of Ashenzari.
             Mangled by a slime creature (20 damage)
             ... on level 7 of the Dungeon.
             The game lasted 00:12:56 (10224 turns).

sanka the Destroyer (Gnoll Conjurer)               Turns: 10224, Time: 00:12:57

Health: -13/66     AC: -14   Str:  8    XL:     9   Next: 56%
Magic:  15/28      EV: 13    Int: 21    God:    Ashenzari [......]
Gold:   333        SH:  0    Dex: 10    Spells: 14/21 levels left

rFire   . . .      SeeInvis .   w - +2 war axe (freeze)
rCold   + . .      Faith    .   (no shield)
rNeg    . . .      Spirit   .   x - +0 robe
rPois   .          Reflect  .   G - +0 helmet
rElec   .          Harm     .   B - +0 cloak
rCorr   .          Rampage  .   K - +0 pair of gloves
Will    .....                   (no boots)
Stlth   +++.......              (no amulet)
HPRegen 0.21/turn               D - ring of magical power
MPRegen 0.21/turn               h - ring of protection from cold

@: corroded
A: fangs 1, strong nose, distributed training
a: Renounce Religion


You were on level 7 of the Dungeon.
You worshipped Ashenzari.
Ashenzari was noncommittal.
You visited 2 branches of the dungeon, and saw 8 of its levels.

You collected 333 gold pieces.


Innate Abilities, Weirdness & Mutations

You have very sharp teeth.
Your uncanny sense of smell can sniff out nearby items.
Your experience applies equally to all skills.


   Skills:
 + Level 4.5 Fighting
 + Level 4.5 Short Blades
 + Level 4.5 Long Blades
 + Level 4.5 Axes
 + Level 4.5 Maces & Flails
 + Level 4.5 Polearms
 + Level 4.5 Staves
 + Level 4.5 Ranged Weapons
 + Level 4.5 Throwing
 + Level 4.5 Armour
 + Level 6.5 Dodging
 + Level 6.2 Stealth
 + Level 4.5 Shields
 + Level 4.5 Unarmed Combat
 + Level 6.8 Spellcasting
 + Level 8.1 Conjurations
 + Level 3.7 Hexes
 + Level 3.7 Summonings
 + Level 3.7 Necromancy
 + Level 3.7 Translocations
 + Level 3.7 Transmutations
 + Level 3.7 Fire Magic
 + Level 3.7 Ice Magic
 + Level 3.7 Air Magic
 + Level 3.7 Earth Magic
 + Level 3.7 Poison Magic
 + Level 5.0 Invocations
 + Level 4.5 Evocations


You had 14 spell levels left.
You knew the following spells:

 Your Spells              Type           Power      Damage    Failure   Level
x - Searing Ray           Conj           82%        2d7       1%          2
z - Magic Dart            Conj           100%       1d8       1%          1
Z - Fulminant Prism       Conj/Hex       16%        3d11      8%          4

Your spell library contained the following spells:

 Spells                   Type           Power      Damage    Failure   Level
 Dazzling Flash           Conj/Hex       64%        N/A       2%          3
 Scorch                   Fire           44%        2d7       3%          2
 Portal Projectile        Hex/Tloc       44%        N/A       6%          3
 Tukima's Dance           Hex            22%        N/A       6%          3
 Flame Wave               Conj/Fire      32%        2d8       8%          4
 Iskenderun's Mystic Bla  Conj/Tloc      32%        2d8       8%          4
 Passage of Golubria      Tloc           22%        N/A       19%         4
 Blade Hands              Tmut           11%        N/A       47%         5
 Silence                  Hex/Air        11%        N/A       47%         5
 Summon Cactus Giant      Summ           11%        N/A       96%         6
 Lehudib's Crystal Spear  Conj/Erth      16%        10d5      100%        8

Inventory:

Hand Weapons
 a - a +2 vorpal trident
 b - a +0 dagger
 w - a +2 war axe of freezing (weapon)
Missiles
 s - 8 poisoned darts
 J - a throwing net {=f}
 N - a curare-tipped dart {=f}
Armour
 x - a +0 robe (worn)
 B - a +0 cloak (worn)
 G - a +0 helmet (worn)
 K - a +0 pair of gloves (worn)
Jewellery
 h - a ring of protection from cold (right hand)
 D - a ring of magical power (left hand)
Wands
 A - a wand of charming (3)
 I - a wand of digging (5)
 L - a wand of polymorph (5)
Scrolls
 c - 3 scrolls of magic mapping {unknown}
 e - 3 scrolls of fear {unknown}
 f - a scroll of poison {unknown}
 i - 2 scrolls of butterflies {unknown}
 j - a scroll of enchant armour {unknown}
 l - 2 scrolls of noise {unknown}
 m - 5 scrolls of identify {unknown}
 o - 3 scrolls of enchant weapon {unknown}
 p - 6 scrolls of teleportation {unknown}
 q - a scroll of blinking {unknown}
 C - a scroll of vulnerability {unknown}
 F - a scroll of brand weapon {unknown}
 M - a scroll of silence {unknown}
Potions
 d - a potion of attraction {unknown}
 g - 2 potions of haste {unknown}
 k - 3 potions of mutation {unknown}
 n - 4 potions of ambrosia {unknown}
 r - 2 potions of might {unknown}
 t - 3 potions of curing {unknown}
 u - a potion of invisibility {unknown}
 v - a potion of degeneration {unknown}
 y - 2 potions of magic
 z - a potion of flight {unknown}
 E - a potion of heal wounds {unknown}
 H - a potion of cancellation {unknown}

Dungeon Overview and Level Annotations

Branches:
Dungeon (7/15)             Temple (1/1) D:6

Altars:
Ashenzari
Dithmenos
Elyvilon
Fedhas
Gozag
Kikubaaqudgha
Makhleb
Nemelex Xobeh
Okawaru
Qazlal
Ru
Sif Muna
Trog
Uskayaw
Vehumet
Wu Jian
Xom
Yredelemnul
Zin
The Shining One

Shops:
D:5

[ ...▒▒▒▒▒ ▒▒▒ ▒▒▒▒▒▒▒▒▒▒▒....▒▒
.......▒▒▒▒▒.▒ ?......f.▒▒.....▒
.............▒ ......÷f.▒▒.....▒
...▒▒▒▒▒▒▒▒▒.▒ .........▒▒.....▒
...▒▒▒▒▒▒▒▒▒.▒ ÷........▒▒.....▒
)<...........▒ .÷.......▒▒.....▒
........▒▒...▒ .f÷.J.÷..▒▒.....▒
.............▒ ▒▒▒▒▒▒▒'▒ ▒..▒▒▒▒
.............▒▒▒gJ.*J.▒▒ ▒..▒
▒▒▒▒▒........▒▒.▒▒▒▒▒▒▒▒ ▒..▒
▒▒....▒▒.▒▒▒..'....▒ ▒..▒
▒▒▒▒▒▒..▒....▒▒▒▒▒▒....▒▒▒..▒
....▒▒........▒▒.......▒▒...▒
▒▒▒..▒...[..▒.▒▒.....[.▒▒...▒▒▒▒▒
▒▒▒▒......▒▒▒.▒▒.......▒▒...▒....
....[......▒▒.▒▒....)(.▒▒........
▒.............▒▒▒....)▒▒▒.)......


You could see a slime creature (ally target), an endoplasm and a friendly
fulminant prism.


Message History

You kill the endoplasm!
The blast of energy engulfs the fungus!!
The fungus begins to die.
The fungus is lightly damaged.
The blast of energy engulfs the slime creature!!
The slime creature is severely wounded.
The blast of energy engulfs the jelly!
You kill the jelly!
Your Invocations skill increases to level 5!
Unknown command.
Unknown command.
Unknown command.
The slime creature attacks as you move away!
The slime creature hits you.
* * * LOW HITPOINT WARNING * * *
Your magical contamination has completely faded away.
Aiming: Fulminant Prism (dangerous; 8% risk of failure)
You conjure a prism of explosive energy!
A fulminant prism comes into view.
The slime creature hits you.
* * * LOW HITPOINT WARNING * * *
The endoplasm hits your fulminant prism but does no damage.
The slime creature attacks as you move away!
The slime creature misses you.
The endoplasm hits your fulminant prism but does no damage.
Your fulminant prism crackles loudly.
You hit the slime creature but do no damage.
The slime creature is heavily wounded.
The slime creature hits you!!
You die...

Action                   |  1- 3 |  4- 6 |  7- 9 || total
-------------------------+-------+-------+-------++-------
Melee: Unarmed           |    24 |       |       ||    24
       Bite              |     6 |     1 |     4 ||    11
       Short sword       |     5 |     9 |       ||    14
       Trident           |       |     6 |     9 ||    15
       War axe           |       |       |    20 ||    20
       Punch             |       |       |     1 ||     1
 Cast: Magic Dart        |    74 |    61 |    98 ||   233
       Searing Ray       |       |    10 |    26 ||    36
       Fulminant Prism   |       |       |    18 ||    18
Armor: Robe              |     1 |    12 |    17 ||    30
Dodge: Dodged            |    26 |    44 |    62 ||   132

Levels and vault maps discovered:
D:1:      saegor_arrival_miasma, layout_rooms,
          shapermc_ecumenical_altar_flowoftime, kennysheep_pointless_box
D:2:      layout_rooms, minmay_stone_trees_small, palyth_stone_intersect,
          kennysheep_generic_room_15
D:3:      kennysheep_the_goblin_king, layout_basic, gammafunk_ghost_necromancy
D:4:      layout_rooms, jmf_multi_god_temple2, chequers_mini_garden,
          uniq_eustachio
D:5:      layout_basic, lemuel_doored_altar,
          nicolae_concentric_dashed_squares_mild, nicolae_stop_n_shop_2
D:6:      layout_gridville, lemuel_tele_altar, nicolae_overflow_crystal_walls,
          minmay_temple_entry_trees, minmay_lizard_king
D:7:      cheibrodos_fertilizer, layout_rooms, mainiacjoe_overflow_paths,
          okawaru_metal_pillars_1_2, lemuel_flamethrower_2, uniq_duvessa
Temple:   hellmonk_temple_forest_ring

Notes
Turn   | Place    | Note
-------+----------+-------------------------------------------
     0 | D:1      | sanka the Gnoll Conjurer began the quest for the Orb.
     0 | D:1      | Reached XP level 1. HP: 13/13 MP: 6/6
   213 | D:1      | Reached XP level 2. HP: 19/19 MP: 3/7
   216 | D:1      | Learned a level 2 spell: Searing Ray
   895 | D:1      | Found a faded altar of an unknown god.
  1048 | D:1      | Reached skill level 5 in Spellcasting
  1048 | D:1      | Reached XP level 3. HP: 23/25 MP: 1/9
  1372 | D:2      | Reached skill level 1 in Invocations
  1658 | D:2      | Reached skill level 1 in Fighting
  1658 | D:2      | Reached skill level 1 in Short Blades
  1658 | D:2      | Reached skill level 1 in Long Blades
  1658 | D:2      | Reached skill level 1 in Axes
  1658 | D:2      | Reached skill level 1 in Maces & Flails
  1658 | D:2      | Reached skill level 1 in Polearms
  1658 | D:2      | Reached skill level 1 in Staves
  1658 | D:2      | Reached skill level 1 in Ranged Weapons
  1658 | D:2      | Reached skill level 1 in Throwing
  1658 | D:2      | Reached skill level 1 in Armour
  1658 | D:2      | Reached skill level 1 in Shields
  1658 | D:2      | Reached skill level 1 in Unarmed Combat
  1658 | D:2      | Reached skill level 1 in Evocations
  1777 | D:2      | Reached XP level 4. HP: 32/32 MP: 7/11
  2028 | D:3      | Found a runed translucent gate.
  2028 | D:3      | Found a runed translucent gate.
  2029 | D:3      | Found a runed translucent gate.
  2031 | D:3      | Noticed qborf's ghost (amateur DEFE)
  2132 | D:3      | Learned a level 4 spell: Fulminant Prism
  2428 | D:3      | HP: 3/32 [orc/+3 whip (5)]
  2430 | D:3      | Reached skill level 1 in Hexes
  2430 | D:3      | Reached skill level 1 in Summonings
  2430 | D:3      | Reached skill level 1 in Necromancy
  2430 | D:3      | Reached skill level 1 in Translocations
  2430 | D:3      | Reached skill level 1 in Transmutations
  2430 | D:3      | Reached skill level 1 in Fire Magic
  2430 | D:3      | Reached skill level 1 in Ice Magic
  2430 | D:3      | Reached skill level 1 in Air Magic
  2430 | D:3      | Reached skill level 1 in Earth Magic
  2430 | D:3      | Reached skill level 1 in Poison Magic
  3938 | D:3      | Reached XP level 5. HP: 16/37 MP: 7/12
  3942 | D:2      | HP: 3/37 [qborf's ghost (6)]
  3944 | D:2      | Killed qborf's ghost
  3945 | D:2      | Reached skill level 2 in Fighting
  3945 | D:2      | Reached skill level 2 in Short Blades
  3945 | D:2      | Reached skill level 2 in Long Blades
  3945 | D:2      | Reached skill level 2 in Axes
  3945 | D:2      | Reached skill level 2 in Maces & Flails
  3945 | D:2      | Reached skill level 2 in Polearms
  3945 | D:2      | Reached skill level 2 in Staves
  3945 | D:2      | Reached skill level 2 in Ranged Weapons
  3945 | D:2      | Reached skill level 2 in Throwing
  3945 | D:2      | Reached skill level 2 in Armour
  3945 | D:2      | Reached skill level 5 in Dodging
  3945 | D:2      | Reached skill level 2 in Shields
  3945 | D:2      | Reached skill level 2 in Unarmed Combat
  3945 | D:2      | Reached skill level 2 in Invocations
  3945 | D:2      | Reached skill level 2 in Evocations
  3945 | D:2      | Reached XP level 6. HP: 3/44 MP: 2/14
  4643 | D:4      | Found a large runed translucent door.
  4643 | D:4      | Found a large runed translucent door.
  4658 | D:4      | Noticed Eustachio
  4782 | D:4      | Killed Eustachio
  4783 | D:4      | Reached XP level 7. HP: 48/51 MP: 3/15
  5013 | D:4      | Reached skill level 2 in Hexes
  5013 | D:4      | Reached skill level 2 in Summonings
  5013 | D:4      | Reached skill level 2 in Necromancy
  5013 | D:4      | Reached skill level 2 in Translocations
  5013 | D:4      | Reached skill level 2 in Transmutations
  5013 | D:4      | Reached skill level 2 in Fire Magic
  5013 | D:4      | Reached skill level 2 in Ice Magic
  5013 | D:4      | Reached skill level 2 in Air Magic
  5013 | D:4      | Reached skill level 2 in Earth Magic
  5013 | D:4      | Reached skill level 2 in Poison Magic
  5215 | D:4      | Found a sacrificial altar of Ru.
  5224 | D:4      | Found a stormy altar of Qazlal.
  5345 | D:5      | Entered Level 5 of the Dungeon
  5364 | D:5      | Found Buzol's Antique Armour Emporium.
  5567 | D:5      | Reached skill level 5 in Stealth
  5767 | D:5      | Reached skill level 3 in Invocations
  5945 | D:5      | Reached skill level 3 in Fighting
  5945 | D:5      | Reached skill level 3 in Short Blades
  5945 | D:5      | Reached skill level 3 in Long Blades
  5945 | D:5      | Reached skill level 3 in Axes
  5945 | D:5      | Reached skill level 3 in Maces & Flails
  5945 | D:5      | Reached skill level 3 in Polearms
  5945 | D:5      | Reached skill level 3 in Staves
  5945 | D:5      | Reached skill level 3 in Ranged Weapons
  5945 | D:5      | Reached skill level 3 in Throwing
  5945 | D:5      | Reached skill level 3 in Armour
  5945 | D:5      | Reached skill level 3 in Shields
  5945 | D:5      | Reached skill level 3 in Unarmed Combat
  5945 | D:5      | Reached skill level 3 in Evocations
  5945 | D:5      | Reached XP level 8. HP: 40/58 MP: 13/16
  6055 | D:5      | Found a white marble altar of Elyvilon.
  6337 | D:5      | Reached skill level 6 in Spellcasting
  7120 | D:6      | Found a radiant altar of Vehumet.
  7225 | D:6      | Found a staircase to the Ecumenical Temple.
  7573 | D:6      | Found a glowing silver altar of Zin.
  7943 | D:6      | Reached skill level 4 in Invocations
  7948 | D:6      | Reached skill level 3 in Hexes
  7948 | D:6      | Reached skill level 3 in Summonings
  7948 | D:6      | Reached skill level 3 in Necromancy
  7948 | D:6      | Reached skill level 3 in Translocations
  7948 | D:6      | Reached skill level 3 in Transmutations
  7948 | D:6      | Reached skill level 3 in Fire Magic
  7948 | D:6      | Reached skill level 3 in Ice Magic
  7948 | D:6      | Reached skill level 3 in Air Magic
  7948 | D:6      | Reached skill level 3 in Earth Magic
  7948 | D:6      | Reached skill level 3 in Poison Magic
  8289 | Temple   | Entered the Ecumenical Temple
  8437 | Temple   | Became a worshipper of Ashenzari the Shackled
  8477 | D:7      | Reached skill level 6 in Dodging
  8887 | D:7      | Reached XP level 9. HP: 37/65 MP: 10/18
  8888 | D:7      | Reached skill level 4 in Fighting
  8888 | D:7      | Reached skill level 4 in Short Blades
  8888 | D:7      | Reached skill level 4 in Long Blades
  8888 | D:7      | Reached skill level 4 in Axes
  8888 | D:7      | Reached skill level 4 in Maces & Flails
  8888 | D:7      | Reached skill level 4 in Polearms
  8888 | D:7      | Reached skill level 4 in Staves
  8888 | D:7      | Reached skill level 4 in Ranged Weapons
  8888 | D:7      | Reached skill level 4 in Throwing
  8888 | D:7      | Reached skill level 4 in Armour
  8888 | D:7      | Reached skill level 4 in Shields
  8888 | D:7      | Reached skill level 4 in Unarmed Combat
  8888 | D:7      | Reached skill level 4 in Evocations
  9032 | D:7      | Noticed Duvessa
  9037 | D:7      | Noticed Dowan
  9073 | D:7      | Killed Duvessa
  9073 | D:7      | Killed Dowan
  9074 | D:7      | Reached skill level 6 in Stealth
  9074 | D:7      | Reached skill level 8 in Conjurations
  9074 | D:7      | HP: 4/65 [scorpion (4)]
 10070 | D:7      | Found an ancient bone altar of Kikubaaqudgha.
 10155 | D:7      | Found an iron altar of Okawaru.
 10217 | D:7      | Reached skill level 5 in Invocations
 10224 | D:7      | Mangled by a slime creature

Vanquished Creatures
  Eustachio (D:4)
  The ghost of qborf the Firebug, an amateur DEFE (D:2)
  Duvessa (D:7)
  3 ice beasts
  3 ogres
  A centaur (D:7)
  A phantom (D:5)
  2 kobold brigands (D:7)
  2 bullfrogs (D:7)
  A gnoll sergeant (D:7)
  A necrophage (D:6)
  5 scorpions
  Dowan (D:7)
  A centaur zombie (D:3)
  4 jellies (D:7)
  2 orc priests (D:5)
  4 hounds (D:5)
  A bullfrog skeleton (D:3)
  A centaur skeleton (D:3)
  2 iguanas (D:6)
  3 orc wizards
  10 adders
  4 gnolls
  A white imp (D:4)
  3 ufetubi
  A worm (D:2)
  A dart slug (D:2)
  23 orcs
  6 bats
  8 endoplasms
  2 giant cockroaches (D:1)
  8 goblins
  8 hobgoblins
  2 jackals (D:1)
  11 kobolds
  2 quokkas (D:3)
  10 ball pythons
  10 frilled lizards
  2 rats (D:2)
153 creatures vanquished.

Vanquished Creatures (others)
  17 fulminant prisms (D:7)
  8 fungi (D:7)
  5 plants
  9 toadstools (D:7)
  3 withered plants (D:1)
42 creatures vanquished.

Grand Total: 195 creatures vanquished
